 Dungeon Crawl Stone Soup version 0.23-a0-696-gf95311e5ea (webtiles) character file.

6014 Infinimo the Tainter (level 10, -6/41 (44) HPs)
             Began as a Spriggan Venom Mage on July 3, 2018.
             Was a Believer of Vehumet.
             Mangled by an ogre
             ... wielding a +0 giant club
              (25 damage)
             ... on level 9 of the Dungeon on Jan 12, 2019.
             The game lasted 00:36:00 (17418 turns).

Infinimo the Tainter (Spriggan Venom Mage)         Turns: 17418, Time: 00:36:01

HP:   -6/41 (44)    AC:  2    Str:  4    XL:     10   Next: 56%
MP:   26/33         EV: 18    Int: 20    God:    Vehumet [**....]
Gold: 409           SH:  0    Dex: 17    Spells: 19/28 levels left

rFire    . . .     SeeInvis +   n - +0 spear (freeze)
rCold    . . .     Gourm    .   (shield restricted)
rNeg     . . .     Faith    .   a - +0 robe
rPois    .         Spirit   .   (helmet restricted)
rElec    .         Reflect  .   (no cloak)
rCorr    .         Harm     .   (gloves unavailable)
MR       +....                  (boots unavailable)
Stlth    +++.......             u - amulet of regeneration
HPRegen  0.00/turn              m - ring of stealth
MPRegen  0.23/turn              q - ring of magical power

@: non-regenerating, diseased, very quick
A: very small, unfitting armour, see invisible, herbivore, speed 3, slow
metabolism 2
a: Renounce Religion


You were on level 9 of the Dungeon.
You worshipped Vehumet.
Vehumet was pleased with you.
You were hungry.

You visited 2 branches of the dungeon, and saw 10 of its levels.
You also visited: Ossuary.

You collected 409 gold pieces.

Inventory:

Hand Weapons
 n - a +0 spear of freezing (weapon)
Armour
 a - a +0 robe (worn)
Magical Staves
 B - an uncursed staff of power
Jewellery
 b - an uncursed ring of protection from fire {unknown}
 m - a ring of stealth (left hand)
 q - a ring of magical power (right hand)
 t - an uncursed ring of positive energy
 u - an amulet of regeneration (around neck)
 w - a +5 ring of dexterity {unknown}
Wands
 o - a wand of acid (9)
 v - a wand of digging (10)
 C - a wand of scattershot (5)
Scrolls
 i - 2 scrolls of magic mapping
 p - 9 scrolls of identify
 r - 2 scrolls of enchant weapon
 x - a scroll of remove curse {unknown}
 y - a scroll of amnesia {unknown}
 D - a scroll of blinking {unknown}
Potions
 d - a potion of lignification
 e - 2 potions of degeneration
 f - 3 potions of ambrosia
 g - a potion of agility
 h - 2 potions of cancellation
 j - 9 potions of might
 k - 4 potions of flight
 l - a potion of brilliance
 s - a potion of haste
 z - a potion of curing
 A - 2 potions of mutation {unknown}
Comestibles
 c - 11 rations


   Skills:
 - Level 3.0 Dodging
 - Level 3.0 Stealth
 + Level 9.9 Spellcasting
 + Level 6.1 Conjurations
 * Level 11.6 Poison Magic


You had 19 spell levels left.
You knew the following spells:

 Your Spells              Type           Power        Failure   Level  Hunger
a - Sting                 Conj/Pois      ####         1%          1    None
b - Mephitic Cloud        Conj/Pois/Air  ####....     1%          3    None
c - Venom Bolt            Conj/Pois      #####.....   4%          5    #####..

Your spell library contained the following spells:

 Spells                   Type           Power        Failure   Level  Hunger
 Throw Flame              Conj/Fire      ###...       3%          2    None
 Poisonous Vapours        Pois/Air       ####..       1%          2    None
 Olgreb's Toxic Radiance  Pois           ######..     1%          4    ##.....
 Confusing Touch          Hex            #.....       7%          1    None
 Confuse                  Hex            #.......     22%         3    None
 Gell's Gravitas          Tloc           #.........   22%         3    None
 Petrify                  Tmut/Erth      #.......     56%         4    ##.....
 Metabolic Englaciation   Hex/Ice        #.........   89%         5    #####..
 Yara's Violent Unravell  Hex/Tmut       #.........   89%         5    #####..


Dungeon Overview and Level Annotations

Branches:
Dungeon (9/15)             Temple (1/1) D:7
   Lair: D:8-11         Orc: D:9-12

Altars:
Ashenzari
Cheibriados
Dithmenos
Elyvilon
Fedhas
Hepliaklqana
Kikubaaqudgha
Makhleb
Nemelex Xobeh
Okawaru
Qazlal
Ru
Sif Muna
Trog
Uskayaw
Vehumet
Wu Jian
Xom
Yredelemnul
Zin
The Shining One

Shops:
D:5 *

Annotations:
D:4 Edmund


Innate Abilities, Weirdness & Mutations

You are very small and have problems with some larger weapons.
You are too small for most types of armour.
You have supernaturally acute eyesight. (SInv)
You are a herbivore.
You cover ground extremely quickly.
You need to consume almost no food.


Message History

Aim: an ogre, wielding a +0 giant club (heavily wounded, poisoned)
The sting hits the ogre.
The ogre looks even sicker.
The ogre is heavily wounded.
Casting: Sting (safe; 1% risk of failure)
Confirm with . or Enter, or press ? or * to list all spells.
Aiming: Sting (safe; 1% risk of failure)
Press: ? - help, Shift-Dir - straight line, f/p - ogre
Aim: an ogre, wielding a +0 giant club (severely wounded, poisoned)
The sting hits the ogre.
The ogre appears unharmed.
The ogre is severely wounded.
Casting: Sting (safe; 1% risk of failure)
Confirm with . or Enter, or press ? or * to list all spells.
Aiming: Sting (safe; 1% risk of failure)
Press: ? - help, Shift-Dir - straight line, f/p - ogre
Aim: an ogre, wielding a +0 giant club (severely wounded, poisoned)
The sting hits the ogre.
The ogre looks even sicker.
The ogre is almost dead.
The ogre hits you with a +0 giant club!!
Ouch! That really hurt!
You die...

#.........
###################.........
...............(..T.........
.....................(...$..
.....n..n...................
#########.##################
#.# #[##############
#########...n..O@.......
........................
.................#######
.................#
.................#
..........$.$.$.$.$
......)..........#.$
.................###
.....n...........


You could see an ogre and a necrophage.

Vanquished Creatures
  2 two-headed ogres
  A troll (D:9)
  Prince Ribbit (D:5)
  A hornet (D:8)
  6 yaks
  A water moccasin (D:8)
  Duvessa (D:6)
  2 ice beasts (D:8)
  2 sky beasts
  A black bear (D:6)
  An eye of draining (D:8)
  4 centaurs
  A big kobold (D:8)
  An elf zombie (Ossuary)
  3 bullfrogs
  A gnoll sergeant (D:6)
  Dowan (D:6)
  A scorpion (D:6)
  A howler monkey (D:8)
  A centaur zombie (D:9)
  2 orc priests
  5 jellies
  A bullfrog zombie (D:6)
  5 hounds
  4 iguanas
  Jessica (D:2)
  3 bullfrog skeletons
  8 orc wizards
  Natasha (twice) (D:2)
  7 worker ants
  A killer bee zombie (D:8)
  3 big kobold zombies (Ossuary)
  2 hound skeletons
  3 hound zombies
  4 mummies (Ossuary)
  A worker ant zombie (D:6)
  12 gnolls
  6 adders
  3 shadow imps
  3 oozes
  3 adder skeletons
  2 adder zombies
  2 worms (D:3)
  3 dart slugs
  5 leopard geckos
  22 orcs
  A ball python (D:5)
  5 bats
  4 giant cockroaches
  8 goblins
  5 hobgoblins
  12 jackals
  3 quokkas
  4 frilled lizards
  A goblin zombie (Ossuary)
  3 hobgoblin zombies (Ossuary)
  A jackal zombie (Ossuary)
  16 kobolds
  A kobold zombie (Ossuary)
  2 leopard gecko zombies
  An orc zombie (Ossuary)
  3 quokka skeletons
  2 quokka zombies
  12 rats
230 creatures vanquished.

Vanquished Creatures (others)
  A worker ant (D:6)
  A giant cockroach (D:6)
  A quokka (D:4)
3 creatures vanquished.

Grand Total: 233 creatures vanquished

Notes
Turn   | Place    | Note
-------+----------+-------------------------------------------
     0 | D:1      | Infinimo the Spriggan Venom Mage began the quest for the
                  | Orb.
     0 | D:1      | Reached XP level 1. HP: 9/9 MP: 5/5
   178 | D:1      | Reached XP level 2. HP: 13/13 MP: 1/6
   436 | D:1      | Reached skill level 1 in Conjurations
   739 | D:1      | Reached XP level 3. HP: 16/16 MP: 0/8
  1287 | D:1      | Reached skill level 4 in Poison Magic
  1348 | D:2      | Reached XP level 4. HP: 12/21 MP: 5/10
  1882 | D:2      | Noticed Natasha
  1886 | D:2      | Killed Natasha
  1949 | D:2      | Noticed Jessica
  1953 | D:2      | Killed Jessica
  1953 | D:2      | Reached XP level 5. HP: 24/24 MP: 6/11
  2217 | D:2      | Noticed Natasha
  2226 | D:2      | Killed Natasha
  2323 | D:2      | Reached skill level 5 in Poison Magic
  2748 | D:3      | Reached XP level 6. HP: 28/28 MP: 6/13
  3015 | D:3      | Learned a level 3 spell: Mephitic Cloud
  3852 | D:4      | Found a white marble altar of Elyvilon.
  4838 | D:5      | Entered Level 5 of the Dungeon
  5322 | D:4      | Reached skill level 6 in Poison Magic
  5683 | D:4      | Reached skill level 5 in Spellcasting
  5691 | D:4      | Reached XP level 7. HP: 21/32 MP: 5/15
  6806 | D:5      | Found Reekebol's General Store.
  6836 | D:5      | Noticed Prince Ribbit
  6840 | D:5      | Noticed Edmund
  7797 | D:5      | Found an ornate altar of the Wu Jian Council.
  7886 | D:5      | Reached skill level 7 in Poison Magic
  7930 | D:5      | Found a glowing golden altar of the Shining One.
  8068 | D:5      | Found a blossoming altar of Fedhas.
  8132 | D:5      | Killed Prince Ribbit
  8132 | D:5      | Reached XP level 8. HP: 9/36 MP: 6/18
  8357 | D:5      | Learned a level 5 spell: Venom Bolt
  8422 | D:6      | Found an iron altar of Okawaru.
  8480 | D:6      | Found a sparkling altar of Nemelex Xobeh.
  8514 | D:6      | Noticed Dowan
  8514 | D:6      | Noticed Duvessa
  8532 | D:6      | Noticed a two-headed ogre
  8551 | D:6      | Killed a two-headed ogre
  8551 | D:6      | Reached skill level 8 in Poison Magic
  8683 | D:6      | Found an ancient bone altar of Kikubaaqudgha.
  8740 | D:6      | Killed Duvessa
  8797 | D:6      | Killed Dowan
  9081 | D:6      | HP: 1/36 [water moccasin (8)]
  9299 | D:6      | Found a shimmering altar of Xom.
  9417 | D:6      | Reached skill level 9 in Poison Magic
  9417 | D:6      | Reached XP level 9. HP: 39/39 MP: 15/21
 10000 | D:6      | Upgraded the game from 0.22-a0-580-gd5db89c09a to
                  | 0.23-a0-696-gf95311e5ea
 12040 | D:7      | Found a staircase to the Ecumenical Temple.
 12064 | Temple   | Entered the Ecumenical Temple
 12171 | Temple   | Became a worshipper of Vehumet
 13374 | D:8      | Reached skill level 5 in Conjurations
 13374 | D:8      | Reached skill level 10 in Poison Magic
 13552 | D:8      | Found a sand-covered staircase.
 13687 | Ossuary  | Entered an ossuary
 15085 | D:8      | Reached * piety under Vehumet
 15085 | D:8      | Offered knowledge of Freeze by Vehumet.
 16203 | D:9      | Noticed a two-headed ogre
 16224 | D:8      | Reached XP level 10. HP: 21/44 MP: 24/24
 16799 | D:9      | Reached skill level 11 in Poison Magic
 17264 | D:9      | Reached ** piety under Vehumet
 17264 | D:9      | Offered knowledge of Throw Flame by Vehumet.
 17287 | D:9      | Noticed a two-headed ogre
 17334 | D:9      | Killed a two-headed ogre
 17418 | D:9      | Mangled by an ogre

Vault maps used:
D:1:      scummos_arrival_hexagon, minmay_tall_x
D:2:      first_ration, minmay_pentomino_r2, uniq_natasha, uniq_jessica
D:3:      chequers_big_river, nrook_mini_backslash, st_stairs_5
D:4:      elyvilon_altar_4
D:5:      lemuel_doored_altar, nicolae_tso_carved_into_rock, serial_shops, shop,
          basic_altar, uniq_prince_ribbit1, uniq_edmund
D:6:      okawaru_ov_weapons_minmay, xom_confusion_cloud,
          nemelex_xobeh_ov_fountains_minmay, lemuel_crystal_altar, uniq_duvessa
D:7:      minmay_temple_entry_waves
D:8:      nicolae_ossuary_entry_plus
D:9:      grunt_gozag_breadcrumbs
Temple:   nicolae_temple_great_sept
Ossuary:  ossuary_minmay_tomb_2a

Skill      XL: |  1  2  3  4  5  6  7  8  9 10 |
---------------+-------------------------------+-----
Spellcasting   | 3 4 5 6 7 9 |  9.9
Conjurations   | 1 2 3 4 5 6 |  6.1
Poison Magic   | 4 5 6 7 9 10 11 | 11.6
Dodging        | |  3.0
Stealth        | |  3.0

Action                   |  1- 3 |  4- 6 |  7- 9 | 10-12 || total
-------------------------+-------+-------+-------+-------++-------
Melee: Unarmed           |       |    62 |     1 |       ||    63
       Spear             |       |       |   824 |    88 ||   912
 Cast: Sting             |    68 |   216 |   462 |   145 ||   891
       Venom Bolt        |       |       |     1 |     6 ||     7
  Use: Scroll            |     5 |     7 |     9 |       ||    21
       Potion            |       |       |     4 |       ||     4
 Stab: Sleeping          |       |       |     2 |       ||     2
       Distracted        |       |       |     2 |       ||     2
  Eat: Ration            |       |       |     7 |     1 ||     8
Armor: Robe              |     1 |     6 |    95 |     6 ||   108
Dodge: Dodged            |    20 |    94 |   851 |   136 ||  1101

Table legend:
 A = Non-vault XP
 B = Vault XP
 C = Vault XP percentage of total XP
 D = Non-vault monster count
 E = Vault monster count
 F = Vault count percentage of total count
                 A         B        C        D         E       F
            +---------+---------+-------+---------+---------+-------
      Total |    8278 |     314 |   3.7 |     211 |      19 |   8.3
            +---------+---------+-------+---------+---------+-------
        D:1 |      85 |       0 |   0.0 |      22 |       0 |   0.0
        D:2 |     220 |       0 |   0.0 |      27 |       0 |   0.0
        D:3 |     150 |       0 |   0.0 |      29 |       0 |   0.0
        D:4 |     366 |       0 |   0.0 |      24 |       0 |   0.0
        D:5 |     767 |       0 |   0.0 |      23 |       0 |   0.0
        D:6 |    1860 |      59 |   3.1 |      26 |       3 |  10.3
        D:7 |     369 |       0 |   0.0 |      15 |       0 |   0.0
        D:8 |    1817 |       0 |   0.0 |      26 |       0 |   0.0
        D:9 |    2644 |       0 |   0.0 |      19 |       0 |   0.0
    Ossuary |       0 |     255 | 100.0 |       0 |      16 | 100.0
            +---------+---------+-------+---------+---------+-------
